 Dungeon Crawl Stone Soup version 0.29.1-12-g30fa7ad0bf (webtiles) character file.

Game seed: 6418302619189008442

1528402 CungeonDrawl the Conqueror (level 27, 228/228 HPs)
             Began as a Djinni Air Elementalist on Dec 13, 2022.
             Was the Champion of Makhleb.
             Escaped with the Orb
             ... and 3 runes on Dec 19, 2022!
             The game lasted 13:07:53 (87142 turns).

CungeonDrawl the Conqueror (DjAE)                  Turns: 87142, Time: 13:07:54

Health: 228/228    AC: 22    Str:  6      XL:     27
Gold:   2443       EV: 32    Int: 30 (31) God:    Makhleb [******] SH: 17 Dex: 26

rFire   + + .      SeeInvis +   b - staff of air
rCold   + + .      Faith    .   x - +1 kite shield of Hedonism {rF+ rN++ Regen+ Dex-4}
rNeg    + + .      Spirit   .   R - +4 troll leather armour
rPois   ∞          Reflect  .   K - +2 helmet {Int+3}
rElec   +          Harm     .   h - +1 cloak "Udith" {rC++ Regen+}
rCorr   +          Rampage  .   U - +1 pair of gloves {Dex+3}
Will    +++..                   (boots unavailable)
Stlth   +.........              S - amulet "Biraipp" {Regen+ Str+5 Dex+3}
HPRegen 3.68/turn               f - ring "Salim" {Will+ AC+4 SInv}
MPRegen 0.00/turn               Z - ring "Ymyor" {Ice rCorr Int+3}

@: flying
A: sickness immunity, fire resistance 2, cold vulnerability 1, float, innate
caster, HP casting, extra vitality 1, iridescent scales 1, agile 2, dopey 1,
weak 2, subdued magic 1, inability to drink after injury 1, MP-powered wands
0: Orb of Zot
}: 3/15 runes: decaying, serpentine, silver
a: Renounce Religion, Minor Destruction, Lesser Servant of Makhleb, Major
Destruction, Greater Servant of Makhleb


You escaped.
You worshipped Makhleb.
Makhleb was exalted by your worship.
You visited 10 branches of the dungeon, and saw 48 of its levels.
You visited 1 bazaar.
You also visited: Trove, Volcano and Desolation.

You collected 10124 gold pieces.
You spent 7681 gold pieces at shops.

Inventory:

Missiles
 i - a throwing net
 J - 3 curare-tipped darts
Armour
 h - the +1 cloak "Udith" (worn) {rC++ Regen+}
   (You found it in a treasure trove)

   rC:        It greatly protects you from cold.
   Regen:     It increases your rate of health regeneration.
 x - the +1 kite shield of Hedonism (worn) {rF+ rN++ Regen+ Dex-4}
   (You acquired it on level 3 of the Elven Halls)

   Dex:       It affects your dexterity (-4).
   rF:        It protects you from fire.
   rN:        It greatly protects you from negative energy.
   Regen:     It increases your rate of health regeneration.
 K - a +2 helmet of intelligence (worn)
 R - a +4 troll leather armour (worn)
 U - a +1 pair of gloves of dexterity (worn)
Magical Staves
 b - a staff of air (weapon)
Jewellery
 f - the ring "Salim" (left hand) {Will+ AC+4 SInv}
   (You found it in a treasure trove)

   [ring of protection]

   AC:        It affects your AC (+4).
   SInv:      It lets you see invisible.
   Will:      It increases your willpower.
 S - the amulet "Biraipp" (around neck) {Regen+ Str+5 Dex+3}
   (You found it in the Desolation of Salt)

   [amulet of regeneration]

   Str:       It affects your strength (+5).
   Dex:       It affects your dexterity (+3).
   Regen:     It increases your rate of health regeneration.
 Z - the ring "Ymyor" (right hand) {Ice rCorr Int+3}
   (You found it in a treasure trove)

   [ring of ice]

   It enhances your ice magic.
   Int:       It affects your intelligence (+3).
   rF:        It makes you vulnerable to fire.
   rC:        It protects you from cold.
   rCorr:     It protects you from acid and corrosion.
Wands
 d - a wand of paralysis (30)
 C - a wand of quicksilver (26)
 G - a wand of digging (26)
 I - a wand of mindburst (3)
 O - a wand of roots (49)
 X - a wand of polymorph (7)
Scrolls
 c - 10 scrolls of vulnerability
 e - 5 scrolls of blinking
 g - 17 scrolls of teleportation
 j - 5 scrolls of magic mapping
 l - 3 scrolls of immolation
 n - 3 scrolls of summoning
 o - 6 scrolls of poison
 u - a scroll of noise
 w - 6 scrolls of fog
 F - a scroll of acquirement
 N - 11 scrolls of fear
 V - 4 scrolls of silence
Potions
 a - 4 potions of cancellation
 k - 6 potions of berserk rage
 q - 4 potions of brilliance
 r - 8 potions of curing
 t - 2 potions of haste
 v - 3 potions of resistance
 z - 2 potions of invisibility
 A - 3 potions of ambrosia
 E - a potion of mutation
 H - 5 potions of lignification
 L - a potion of heal wounds
 P - 11 potions of attraction
Miscellaneous
 p - a box of beasts
 y - a condenser vane
 B - a phial of floods
 D - a tin of tremorstones (2/2)
 M - a lightning rod (4/4)


   Skills:
 O Level 27 Fighting
 - Level 4.0 Armour
 - Level 24.1 Dodging
 - Level 1.5 Stealth
 - Level 15.0 Shields
 - Level 25.0 Spellcasting
 * Level 16.1 Evocations


You couldn't memorise any spells.
You knew the following spells:

 Your Spells              Type           Power      Damage    Failure   Level
a - Shock                 Conj/Air       100%       1d9       0%          1
b - Static Discharge      Conj/Air       100%       3-16/arc  0%          2
c - Swiftness             Air            100%       N/A       0%          3
d - Airstrike             Air            60%        2d(9-25)  0%          4
e - Sandblast             Erth           100%       2d20      0%          1
f - Wereblood             Tmut           97%        N/A       0%          2
g - Stone Arrow           Conj/Erth      100%       3d13      0%          3
h - Petrify               Tmut/Erth      97%        N/A       0%          4
i - Animate Armour        Summ/Erth      100%       N/A       0%          4
j - Yara's Violent Unrav  Hex/Tmut       48%        3d19      0%          5
k - Statue Form           Tmut/Erth      64%        N/A       0%          6
l - Malign Gateway        Summ/Tloc      48%        N/A       1%          7
m - Enfeeble              Hex            48%        N/A       1%          7
n - Dragon Form           Tmut           48%        N/A       1%          7
o - Storm Form            Tmut/Air       60%        N/A       1%          7
p - Necromutation         Tmut/Necr      48%        N/A       1%          8
q - Chain Lightning       Conj/Air       60%        3d80      5%          9
Your spell library was empty.

Dungeon Overview and Level Annotations

Branches:
Dungeon (15/15)            Temple (1/1) D:7            Lair (5/5) D:9
  Swamp (4/4) Lair:3        Snake (4/4) Lair:2        Slime (0/5) Lair:5
    Orc (2/2) D:11            Elf (3/3) Orc:2        Vaults (5/5) D:14
  Crypt (0/3) Vaults:2     Depths (4/4) D:15            Zot (5/5) Depths:4
Volcano (visited)         Desolation (visited)

Altars:
Ashenzari
Cheibriados
Dithmenos
Elyvilon
Fedhas
Gozag
Hepliaklqana
Makhleb
Nemelex Xobeh
Okawaru
Qazlal
Ru
Trog
Uskayaw
Wu Jian
Xom
Yredelemnul
Zin
The Shining One
Jiyva
Lugonu

Shops:
D:1 *   D:4 :   D:7 (=   D:9 (   Orc:2 ([((   Snake:1 :   Depths:1 :
Depths:3 *

Portals:
Hell: Depths:1 Depths:2 Depths:3 Depths:4
Abyss: Depths:2 Depths:3
Pandemonium: Depths:2
Ziggurat: Depths:4

Annotations:
Zot:5 6 transporters


Innate Abilities, Weirdness & Mutations

You are immune to sickness and miasma.
You are immune to poison.
Your flesh is very heat resistant. (rF++)
You are vulnerable to cold. (rC-)
You float through the air rather than walking.
You learn spells naturally, not from books.
Your magical power is your life essence.
You have superior vitality. (+4 MHP)
You are partially covered in iridescent scales. (AC +2)
You are very agile. (Dex +8, Str/Int -2)
You are dopey. (Int -2)
You are very weak. (Str -4)
Your spells are a little easier to cast, but a little less powerful.
You occasionally lose the ability to drink potions when taking damage.
You expend health (3 HP) to strengthen your wands.


Message History

A Ysilyits, a red devil and a tentacled monstrosity come into view.
The cherub sings a powerful hymn!
The seraph goes into a battle-frenzy!
The seraph gestures.
Your eldritch tentacle slaps the red devil!!
Your eldritch tentacle freezes the red devil!!!
The red devil is frozen!
The red devil dies!
Makhleb accepts your kill.
The tentacled monstrosity moves out of view.
As you read the scroll of teleportation, it crumbles to dust.
You feel strangely unstable.
You feel the Orb delaying your translocation!
You feel yourself speed up.
The seraph hits you with a +7 great sword of flaming!!!
The seraph burns you. You block the seraph's attack.
You hear a shout!
You hear a screech!
A Fumneer, a tormentor, a large abomination and a chaos spawn come into view.
Blink to where?
Press: ? - help, Dir - move target
As you read the scroll of blinking, it crumbles to dust.
The tormentor moves out of view.
The large abomination moves out of view.
The chaos spawn moves out of view.
Your surroundings suddenly seem different.
There is a stone staircase leading up here.
You fly upwards.
There is a stone staircase leading down here.
There is a stone staircase leading up here.
You fly upwards.
There is a stone staircase leading down here.
Your extra speed is starting to run out.
You feel yourself slow down.
You see here a +0 dagger.
You see here a +0 club.
There is an open door here.
A rakshasa comes into view. It is wielding a +0 whip.
The rakshasa blinks!
There is a staircase leading out of the dungeon here.
You have escaped!

## # ############### #
#####.............##### #
###..........⌠..........###
##...⌠.................⌠...##
##........⌠.........⌠........##
#.............................##
#..(⌠..........@..........⌠...##
#.............................##
##........⌠.........⌠.R......###
##...⌠.................⌠[..## #
###..........⌠..........### #
##'##.............##'## #
#..###############..#
#..................:#
#####.#####...#######


You could see a rakshasa.

Vanquished Creatures
  A dread lich (Zot:5)
  5 orbs of fire
  3 ancient liches (Zot:5)
  Josephina (Zot:4)
  Vashnia (Snake:4)
  Saint Roka (Elf:2)
  3 Killer Klowns (Zot:5)
  A caustic shrike (Depths:4)
  4 golden dragons
  Nikola (Snake:1)
  the Enchantress (Depths:4)
  A doom hound (Zot:3)
  3 electric golems
  Rupert (D:13)
  An Ice Fiend (Zot:1)
  7 tentacled monstrosities
  Jorgrun (Swamp:1)
  2 walking earthen tomes (Depths:4)
  5 liches
  12 Orb Guardians (Zot:5)
  A titan (Vaults:5)
  6 quicksilver dragons
  2 deep elf master archers (Elf:3)
  2 deep elf blademasters
  6 death cobs
  An eldritch tentacle (Vaults:1)
  2 walking divine tomes (Depths:4)
  8 sphinxes
  An ancient champion (Depths:3)
  4 tengu reavers
  11 storm dragons
  3 thorn hunters
  2 shadow dragons
  2 fenstrider witches (Swamp:3)
  5 fire giants
  4 nagarajas
  Roxanne (Snake:2)
  A draconian monk (Zot:3)
  2 ghost moths
  2 draconian knights
  14 vault wardens
  7 deep elf sorcerers
  The ghost of Henri the Imperceptible, an adept VSEn of Wu Jian (Swamp:2)
  Louise (Elf:3)
  4 frost giants
  2 orc warlords
  An iron dragon (Depths:4)
  3 deep elf elementalists (Elf:3)
  2 ghouls (Swamp:4)
  A draconian shifter (Zot:1)
  2 draconian annihilators
  The ghost of ripuliukko the Eclecticist, a journeyman GrEE of Vehumet (Lair:4)
  The ghost of KamiKatze the Eclecticist, a journeyman DECj of Vehumet (Swamp:1)
  7 spriggan defenders
  A war gargoyle (Vaults:4)
  15 ironbound preservers
  13 very ugly things
  3 ironbound thunderhulks
  3 black draconians
  13 stone giants
  5 deep elf demonologists
  13 deep elf annihilators
  An eleionoma (Swamp:2)
  A vampire knight (Depths:2)
  5 green draconians
  2 putrid mouths
  A spark wasp (shapeshifter) (Zot:4)
  Azrael (Snake:2)
  2 yellow draconians
  An entropy weaver (Vaults:5)
  5 red draconians
  3 bunyips
  2 white draconians (Zot:1)
  A white draconian (shapeshifter) (Zot:4)
  5 purple draconians
  9 dire elephants
  The ghost of DildoBatman the Geomancer, a journeyman FoCj of Kikubaaqudgha (D:13)
  4 spark wasps (Depths:4)
  6 statues (Depths:2)
  12 ettins
  4 deep elf death magi
  A crystal guardian (Desolation)
  3 fire dragons
  2 merfolk impalers (D:12)
  4 deep elf high priests
  9 yaktaur captains
  5 ragged hierophants (Desolation)
  34 vault guards
  6 great orbs of eyes
  5 salamander tyrants
  A hell beast (Zot:5)
  4 boulder beetles
  23 hydras
  3 ice dragons (Depths:4)
  9 servants of whispers (Desolation)
  An ogre mage (Vaults:5)
  7 rakshasas
  5 ghost crabs
  A jorogumo (shapeshifter) (Zot:4)
  7 spriggan air magi
  5 ironbound frosthearts
  3 catoblepae (Lair:5)
  A two-headed ogre (shapeshifter) (Depths:4)
  9 peacekeepers
  14 naga warriors
  3 alligators
  5 deep troll shamans
  10 two-headed ogres
  8 centaur warriors
  26 dancing weapons
  Erica (D:9)
  13 anacondas
  6 death yaks (Lair:5)
  Urug (Lair:3)
  2 deep troll earth magi (Depths:4)
  2 orc high priests
  4 tengu warriors
  5 spriggan berserkers
  A sun demon (Depths:1)
  19 naga sharpshooters
  A vampire mage (Depths:3)
  14 deep elf knights
  Nergalle (Lair:1)
  8 shock serpents
  A hell knight (Vaults:5)
  A sixfirhy (D:4)
  2 goliath frogs (Swamp:3)
  22 deep trolls
  6 salamander mystics
  8 glowing orange brains
  5 iron trolls
  11 naga ritualists
  5 phantasmal warriors
  9 deep elf archers
  Pikel (D:8)
  12 swamp dragons
  9 bog bodies
  A flayed ghost (Depths:4)
  3 spriggan druids
  10 wizards
  18 deep elf pyromancers
  2 harpies (Elf:2)
  25 ironbound convokers
  5 orc knights
  10 lindwurms
  11 mana vipers
  A tengu skeleton (Vaults:2)
  3 necromancers
  17 deep elf zephyrmancers
  4 orc sorcerers
  4 cyclopes
  4 will-o-the-wisps
  24 ugly things
  3 oklob plants (Depths:3)
  10 manticores
  22 salamanders
  2 stone giant skeletons (Vaults:2)
  6 elephants (Lair:5)
  23 moths of wrath
  17 vault sentinels
  13 guardian serpents
  An elephant (shapeshifter) (D:15)
  A guardian serpent (shapeshifter) (D:14)
  16 naga magi
  A torpor snail (Lair:4)
  35 black mambas
  An orange demon (Elf:1)
  3 molten gargoyles (Desolation)
  5 rime drakes
  16 yaktaurs
  3 unseen horrors
  8 cane toads
  2 efreet
  A kobold demonologist (D:10)
  A spectral death drake (Swamp:1)
  6 komodo dragons
  7 tengu conjurers
  3 freezing wraiths
  8 trolls
  A polar bear (Lair:3)
  A wolf spider simulacrum (D:15)
  16 tyrant leeches
  A queen bee (shapeshifter) (Elf:3)
  3 meliai (D:15)
  2 bloated husks
  Prince Ribbit (D:8)
  75 saltlings (Desolation)
  8 hornets
  A raiju (Zot:4)
  27 slime creatures
  3 blink frogs (Lair:3)
  3 wraiths
  3 air elementals (Elf:3)
  7 spriggans
  A ynoxinul (Depths:2)
  A deep troll skeleton (Vaults:2)
  3 shadows
  41 yaks
  A vampire (D:9)
  2 water elementals
  4 fire elementals
  2 elf skeletons (Vaults:2)
  6 basilisks
  4 fire bats
  6 wyverns
  A basilisk (shapeshifter) (Elf:1)
  A neqoxec (Depths:2)
  A purple draconian simulacrum (Zot:4)
  5 wargs
  14 vampire mosquitoes
  3 steam dragons
  66 nagas
  A swamp worm (shapeshifter) (Elf:1)
  15 swamp worms
  10 water moccasins
  An acid dragon (D:9)
  Duvessa (D:7)
  2 floating eyes
  2 floating eyes (shapeshifter)
  3 hell hounds
  A glowing shapeshifter skeleton (Vaults:2)
  A moth of wrath simulacrum (Zot:4)
  3 ice beasts
  5 swamp drakes
  35 orc warriors
  A sky beast (D:7)
  8 black bears
  An ogre (shapeshifter) (D:15)
  4 wolves (Lair:2)
  7 ogres
  8 boggarts
  15 centaurs
  A lemure (D:8)
  A nameless horror (Depths:4)
  3 kobold brigands
  A gnoll sergeant (D:8)
  9 bullfrogs
  7 scorpions
  3 human skeletons (Vaults:2)
  10 wights
  Dowan (D:7)
  4 electric eels
  9 howler monkeys
  A hound (D:2)
  4 gnoll boudas
  21 orc priests
  4 jellies
  Crazy Yiuf (D:6)
  33 orc wizards
  3 iguanas (D:5)
  29 gnolls
  8 adders
  A shadow imp (D:6)
  2 white imps
  A worm (D:10)
  A dart slug (D:3)
  94 orcs
  7 ball pythons
  4 bats
  9 endoplasms
  4 giant cockroaches
  8 goblins
  8 hobgoblins
  4 jackals (D:2)
  2 quokkas
  2 frilled lizards
  21 kobolds
  5 rats
  A butterfly (Lair:1)
1805 creatures vanquished.

Vanquished Creatures (collateral kills)
  4 dread liches (Zot:5)
  An ancient lich (Vaults:5)
  4 orbs of fire
  A juggernaut (Depths:4)
  Boris (twice) (Depths:2 Vaults:5)
  Parghit (Depths:4)
  Bai Suzhen (Elf:3)
  A Killer Klown (Zot:5)
  4 caustic shrikes (Depths:4)
  7 golden dragons
  A bone dragon (Zot:3)
  2 doom hounds (Zot:3)
  4 Tzitzimimeh
  An electric golem (Zot:1)
  17 tentacled monstrosities
  A walking earthen tome (Depths:4)
  15 Orb Guardians
  Grunn (Zot:3)
  A deep elf blademaster (Elf:2)
  An acid blob (Depths:3)
  2 titans (Vaults:5)
  A lich (Vaults:5)
  5 quicksilver dragons
  An Executioner (Depths:1)
  2 sphinxes
  12 death cobs
  5 shadow dragons
  2 tengu reavers
  A thorn hunter (Depths:3)
  4 storm dragons
  6 draconian monks
  4 deep elf sorcerers
  2 fire giants
  A nagaraja (Snake:4)
  5 draconian scorchers
  6 draconian knights
  6 frost giants
  An iron dragon (Depths:3)
  6 vault wardens
  An imperial myrmidon (Desolation)
  2 draconian shifters
  6 draconian annihilators
  A ghost moth (Zot:4)
  A balrug (Zot:4)
  A draconian stormcaller (Zot:4)
  8 ironbound preservers
  23 very ugly things
  4 spriggan defenders
  A war gargoyle (Vaults:5)
  A reaper (Zot:2)
  4 stone giants
  3 ironbound thunderhulks
  A halazid warlock (Desolation)
  2 deep elf annihilators
  9 black draconians
  10 red draconians
  9 green draconians
  6 dire elephants
  7 white draconians
  A deep elf demonologist (Elf:3)
  6 yellow draconians
  6 purple draconians
  A spark wasp (shapeshifter) (Zot:4)
  3 ettins
  2 crystal guardians (Zot:4)
  A deep elf death mage (Vaults:2)
  A shambling mangrove (Swamp:4)
  2 fire dragons (Depths:1)
  2 great orbs of eyes
  A ragged hierophant (Desolation)
  5 yaktaur captains
  3 salamander tyrants (Depths:2)
  A merfolk impaler (D:12)
  2 hydras (Elf:2)
  A hydra (shapeshifter) (Zot:4)
  A boulder beetle (Vaults:4)
  3 ice dragons
  A spriggan air mage (Depths:2)
  A servant of whispers (Desolation)
  A two-headed ogre (Vaults:5)
  The ghost of laros the Severer, a journeyman MiBe of Trog (Lair:2)
  4 vault guards
  5 peacekeepers (Desolation)
  An ironbound frostheart (Vaults:2)
  An anaconda (Snake:3)
  A death knight (D:13)
  2 naga warriors
  A centaur warrior (Vaults:2)
  A dancing weapon (Elf:2)
  6 deep troll shamans
  A deep troll earth mage (Vaults:4)
  4 spriggan berserkers
  2 sun demons
  A deep elf knight (Elf:2)
  7 iron trolls
  A shadow wraith (Vaults:5)
  4 skeletal warriors (Vaults:2)
  16 deep trolls
  A spectral bunyip (Swamp:1)
  A salamander mystic (Depths:3)
  A flayed ghost (Vaults:4)
  2 glowing orange brains (Depths:4)
  An orb spider (Zot:4)
  A deep elf archer (Elf:1)
  An orc knight (Vaults:3)
  A wizard (Vaults:4)
  5 ironbound convokers
  A mana viper (Snake:4)
  11 moths of wrath
  3 salamanders
  21 ugly things
  A manticore (Elf:1)
  3 vault sentinels
  A stone giant skeleton (Vaults:2)
  4 black mambas (Snake:4)
  A rust devil (Depths:1)
  A black mamba (shapeshifter) (Elf:2)
  A molten gargoyle (Desolation)
  2 cane toads (Lair:4)
  2 orange demons (Elf:1)
  2 tormentors
  10 yaktaurs
  A tengu conjurer (Depths:2)
  An ice devil (Depths:2)
  A golden dragon simulacrum (Zot:4)
  A harpy zombie (Zot:4)
  3 red devils
  A troll (Elf:2)
  3 hornets
  2 raiju (Zot:4)
  5 saltlings (Desolation)
  A tyrant leech (Swamp:1)
  A dream sheep (Lair:2)
  8 slime creatures
  A blink frog (Lair:2)
  A spriggan (Depths:3)
  2 ettin skeletons (Vaults:2)
  A wyvern (Lair:2)
  A fire elemental (Elf:2)
  A steam dragon (Lair:2)
  A warg (Vaults:5)
  A hell hound (Elf:2)
  An orc warrior (Elf:2)
  A spriggan simulacrum (Swamp:1)
  A moth of wrath simulacrum (Zot:4)
  2 boggarts (Zot:4)
  2 scorpions (Elf:1)
  3 orcs
  A butterfly (Zot:4)
472 creatures vanquished.

Vanquished Creatures (others)
  278 eldritch tentacles
  A reaper (Zot:3)
  2 very ugly things (Vaults:4)
  A black draconian (Zot:2)
  A dire elephant (Vaults:4)
  A tengu warrior (Depths:4)
  A large abomination (D:15)
  A deep elf zephyrmancer (Elf:2)
  A wizard (D:3)
  A vault sentinel (Vaults:2)
  A yaktaur (Vaults:4)
  2 bloated husks (Swamp:1)
  A tyrant leech (Swamp:1)
  A water elemental (Elf:1)
  A warg (Elf:2)
  An orc (Elf:2)
  2 foxfires (Swamp:2)
  18 fungi
  8 pillars of salt (Vaults:3)
  49 plants
  3 withered plants (Desolation)
375 creatures vanquished.

Grand Total: 2652 creatures vanquished

Notes
Turn   | Place    | Note
-------+----------+-------------------------------------------
     0 | D:1      | CungeonDrawl the Djinni Air Elementalist began the quest
                  | for the Orb.
     0 | D:1      | CungeonDrawl set off with the following spells memorised:
                  | Shock, Static Discharge, Swiftness, Airstrike.
     0 | D:1      | Reached XP level 1. HP: 15/15 MP: 0/0
   404 | D:1      | Reached XP level 2. HP: 18/21 MP: 0/0
   665 | D:1      | Found a faded altar of an unknown god.
   942 | D:1      | Found Saghedd's Assorted Antiques.
  1269 | D:2      | Found a basalt altar of Yredelemnul.
  1307 | D:2      | Reached XP level 3. HP: 24/25 MP: 0/0
  1307 | D:2      | Learned a level 1 spell: Sandblast
  1677 | D:2      | Reached XP level 4. HP: 28/31 MP: 0/0
  2170 | D:2      | Identified the amulet "Tyniquar" {Spirit Contam rF+ rC+}
  2590 | D:3      | Reached XP level 5. HP: 32/35 MP: 0/0
  2590 | D:3      | Learned a level 2 spell: Wereblood
  3206 | D:3      | Found a bloodstained altar of Trog.
  3207 | D:3      | Noticed a wizard
  3212 | D:3      | Killed a wizard
  4210 | D:4      | Found Siptigye's Book Shop.
  4265 | D:4      | Reached skill level 5 in Spellcasting
  4265 | D:4      | Reached XP level 6. HP: 31/40 MP: 0/0
  4628 | D:4      | Reached XP level 7. HP: 39/45 MP: 0/0
  4628 | D:4      | Learned a level 3 spell: Stone Arrow
  4964 | D:5      | Entered Level 5 of the Dungeon
  5669 | D:5      | Reached XP level 8. HP: 10/50 MP: 0/0
  7388 | D:6      | Reached XP level 9. HP: 47/55 MP: 0/0
  7388 | D:6      | Learned a level 4 spell: Petrify
  7546 | D:6      | Identified the +0 cloak of the Rescuing Gods {Rampage rF+
                  | Will-}
  7584 | D:6      | Reached skill level 1 in Fighting
  7791 | D:6      | Reached skill level 2 in Fighting
  8005 | D:6      | Found a runed translucent door.
  8006 | D:6      | Noticed Crazy Yiuf
  8068 | D:6      | Reached skill level 3 in Fighting
  8349 | D:6      | Killed Crazy Yiuf
  8464 | D:7      | Reached skill level 4 in Fighting
  8470 | D:7      | Reached skill level 5 in Fighting
  8720 | D:7      | Found Waegau's Jewellery Shoppe.
  9068 | D:7      | Found Humuuwoana's Weapon Shoppe.
  9095 | D:7      | Reached skill level 6 in Fighting
  9207 | D:7      | Found a broken altar of Ashenzari.
  9207 | D:7      | Noticed Duvessa
  9207 | D:7      | Noticed Dowan
  9211 | D:7      | Killed Duvessa
  9213 | D:7      | Killed Dowan
  9370 | D:7      | Reached skill level 7 in Fighting
  9641 | D:7      | Found a staircase to the Ecumenical Temple.
  9648 | Temple   | Entered the Ecumenical Temple
  9666 | Temple   | Became a worshipper of Makhleb the Destroyer
 10079 | D:8      | Reached skill level 8 in Fighting
 10079 | D:8      | Reached XP level 10. HP: 46/76 MP: 0/0
 10217 | D:8      | Identified the +0 robe of the Hills {-Cast rF+ Will+ Dex+9}
 10481 | D:8      | Reached skill level 9 in Fighting
 10737 | D:8      | Noticed Prince Ribbit
 10737 | D:8      | Noticed Pikel
 11092 | D:8      | Killed Prince Ribbit
 11476 | D:8      | Killed Pikel
 11477 | D:8      | Reached skill level 10 in Fighting
 11828 | D:9      | Noticed Erica
 11831 | D:9      | Killed Erica
 11832 | D:9      | Reached skill level 11 in Fighting
 11964 | D:9      | Reached * piety under Makhleb
 12157 | D:9      | Found a staircase to the Lair.
 12300 | D:9      | Reached XP level 11. HP: 69/89 MP: 0/0
 12300 | D:9      | Learned a level 4 spell: Animate Armour
 12551 | D:9      | Found Verghaipt's Weapon Shoppe.
 12562 | D:9      | Reached skill level 12 in Fighting
 12684 | D:9      | Noticed a boulder beetle
 12698 | D:9      | Killed a boulder beetle
 13003 | D:10     | Entered Level 10 of the Dungeon
 13938 | D:10     | Reached ** piety under Makhleb
 13942 | D:10     | Reached skill level 13 in Fighting
 14107 | D:10     | Found a snail-covered altar of Cheibriados.
 14492 | D:11     | Reached skill level 1 in Armour
 14559 | D:11     | Noticed a cyan ugly thing
 14591 | D:11     | Killed a cyan ugly thing
 14660 | D:11     | Noticed a cyclops
 14666 | D:11     | Killed a cyclops
 14744 | D:11     | Found a portal to a secret trove of treasure.
 14850 | D:11     | Found a staircase to the Orcish Mines.
 14949 | D:11     | Reached XP level 12. HP: 60/99 MP: 0/0
 15202 | D:11     | Reached *** piety under Makhleb
 15787 | D:1      | Bought a scroll labelled NYTISCH ZUTTOHI for 30 gold pieces
 16099 | D:12     | Reached skill level 14 in Fighting
 16428 | Lair:1   | Entered Level 1 of the Lair of Beasts
 16538 | Lair:1   | Noticed a four-headed hydra
 16551 | Lair:1   | Killed a four-headed hydra
 16583 | Lair:1   | Noticed Nergalle
 16587 | Lair:1   | Killed Nergalle
 16588 | Lair:1   | Reached skill level 15 in Fighting
 16617 | Lair:1   | Noticed a seven-headed hydra
 16899 | Lair:1   | Killed a seven-headed hydra
 17184 | D:7      | Bought the ring of Junastrau {rElec Int+6 Stlth+} for 739
                  | gold pieces
 17294 | Lair:2   | Found a transporter.
 17294 | Lair:2   | Noticed laros's ghost (journeyman MiBe)
 17295 | Lair:2   | Noticed a seven-headed hydra
 17298 | Lair:2   | Found a transporter.
 17444 | Lair:2   | Noticed a six-headed hydra
 17455 | Lair:2   | Noticed a seven-headed hydra
 17460 | Lair:2   | Killed a seven-headed hydra
 17582 | Lair:2   | Killed a six-headed hydra
 17655 | Lair:2   | Reached skill level 10 in Spellcasting
 17664 | Lair:2   | Reached XP level 13. HP: 83/107 MP: 0/0
 17664 | Lair:2   | Learned a level 5 spell: Yara's Violent Unravelling
 17778 | Lair:2   | Found a dark tunnel.
 17784 | Volcano  | Entered a volcano
 17982 | Volcano  | Reached **** piety under Makhleb
 18350 | Lair:2   | Found a staircase to the Snake Pit.
 18952 | Lair:3   | Noticed a four-headed hydra
 18955 | Lair:3   | Noticed a six-headed hydra
 18957 | Lair:3   | Killed a four-headed hydra
 18958 | Lair:3   | Reached skill level 16 in Fighting
 18961 | Lair:3   | Killed a six-headed hydra
 19187 | Lair:3   | Noticed Urug
 19194 | Lair:3   | Killed Urug
 19455 | Lair:3   | Reached skill level 17 in Fighting
 19756 | Lair:3   | Found a staircase to the Swamp.
 19845 | Lair:4   | Found a transporter.
 19862 | Lair:4   | Noticed ripuliukko's ghost (journeyman GrEE)
 19870 | Lair:4   | Found a transporter.
 19950 | Lair:4   | Noticed a five-headed hydra
 19956 | Lair:4   | Killed a five-headed hydra
 19957 | Lair:4   | Reached XP level 14. HP: 110/119 MP: 0/0
 20233 | Lair:4   | Identified the +4 leather armour of Instinct {Int+4}
 20458 | Lair:4   | Reached ***** piety under Makhleb
 20740 | Lair:5   | Entered Level 5 of the Lair of Beasts
 20939 | Lair:5   | Reached skill level 18 in Fighting
 21023 | Lair:5   | Identified the +12 war axe of the Everdark {vorpal, rF+
                  | Dex+2}
 21081 | Lair:5   | Found a runed translucent door.
 21081 | Lair:5   | Found a viscous altar of Jiyva.
 21082 | Lair:5   | Found a staircase to the Slime Pits.
 22123 | Lair:5   | Reached skill level 19 in Fighting
 22944 | D:1      | Bought a potion of heal wounds for 150 gold pieces
 23626 | D:12     | Found a runed translucent gate.
 23627 | D:12     | Found a runed translucent gate.
 23627 | D:12     | Noticed DildoBatman's ghost (journeyman FoCj)
 23628 | D:12     | Found a runed translucent gate.
 23641 | D:12     | Found an iron altar of Okawaru.
 23883 | D:13     | Noticed Rupert
 23971 | D:13     | You are sucked into a shaft and drop 2 floors!
 23971 | D:15     | Entered Level 15 of the Dungeon
 24233 | D:13     | Identified the +3 flail "Killer Klown's Peril" {vorpal,
                  | Fragile rPois Int+5}
 24667 | D:13     | Reached skill level 20 in Fighting
 24672 | D:13     | Killed Rupert
 24673 | D:13     | Reached XP level 15. HP: 109/130 MP: 0/0
 24673 | D:13     | Learned a level 6 spell: Statue Form
 25532 | D:14     | Found a hide-covered altar of Uskayaw.
 25696 | D:14     | Reached skill level 5 in Shields
 26157 | D:14     | Found a gate to the Vaults.
 27032 | Orc:1    | Entered Level 1 of the Orcish Mines
 27532 | Orc:2    | Entered Level 2 of the Orcish Mines
 27588 | Orc:2    | Found a staircase to the Elven Halls.
 28035 | Orc:2    | Reached ****** piety under Makhleb
 28049 | Orc:2    | Noticed an orc warlord
 28087 | Orc:2    | Killed an orc warlord
 28403 | Orc:2    | Found Wyiry's Weapon Shop.
 28851 | Orc:2    | Found Saefeh's Antique Weapon Boutique.
 28854 | Orc:2    | Found Sudwin's Antique Armour Shop.
 28931 | Orc:2    | Found Lamm's Antique Weapon Boutique.
 29518 | D:14     | HP: 3/131 [large slime creature (28)]
 29675 | D:14     | Reached skill level 10 in Shields
 30234 | D:15     | Reached XP level 16. HP: 111/139 MP: 0/0
 30682 | D:15     | Found a staircase to the Depths.
 31234 | D:15     | Found an ornate altar of the Wu Jian Council.
 31779 | Swamp:1  | Entered Level 1 of the Swamp
 31826 | Swamp:1  | Found a transporter.
 31826 | Swamp:1  | Noticed KamiKatze's ghost (journeyman DECj)
 31834 | Swamp:1  | Found a transporter.
 32061 | Swamp:1  | Noticed Jorgrun
 32070 | Swamp:1  | Killed Jorgrun
 32085 | Swamp:1  | Identified 2 scrolls of acquirement
 32100 | Swamp:1  | Acquired a manual of Fighting
 32237 | Swamp:1  | Noticed a thorn hunter
 32253 | Swamp:1  | Killed a thorn hunter
 32254 | Swamp:1  | Reached skill level 5 in Dodging
 32511 | Swamp:2  | Found a runed translucent gate.
 32511 | Swamp:2  | Found a runed translucent gate.
 32514 | Swamp:2  | Found a runed translucent gate.
 32516 | Swamp:2  | Noticed Henri's ghost (adept VSEn)
 32527 | Swamp:2  | Killed Henri's ghost
 33485 | Swamp:3  | Noticed a fenstrider witch
 33489 | Swamp:3  | Killed a fenstrider witch
 33685 | Swamp:3  | Reached skill level 10 in Dodging
 34037 | Swamp:4  | Entered Level 4 of the Swamp
 34125 | Swamp:4  | Reached XP level 17. HP: 132/144 MP: 0/0
 34125 | Swamp:4  | Learned a level 7 spell: Malign Gateway
 34193 | Swamp:4  | Noticed a thorn hunter
 34209 | Swamp:4  | Killed a thorn hunter
 35712 | Swamp:4  | Got a decaying rune of Zot
 36336 | D:13     | Killed DildoBatman's ghost
 36903 | Snake:1  | Entered Level 1 of the Snake Pit
 37058 | Snake:1  | You are sucked into a shaft and drop 1 floor!
 37100 | Snake:2  | Reached skill level 15 in Dodging
 37328 | Snake:2  | Noticed Azrael
 37334 | Snake:2  | Killed Azrael
 37682 | Snake:2  | Found a basalt altar of Yredelemnul.
 37782 | Snake:2  | Identified Roxanne's Incunable of Changing
 37782 | Snake:2  | Noticed Roxanne
 37896 | Snake:1  | Noticed Nikola
 37912 | Snake:1  | Killed Nikola
 38119 | Snake:1  | Reached XP level 18. HP: 130/151 MP: 0/0
 38575 | Snake:1  | Found Minitsua's Book Shop.
 40009 | Snake:2  | Killed Roxanne
 42004 | Snake:4  | Entered Level 4 of the Snake Pit
 42684 | Snake:4  | Reached XP level 19. HP: 155/157 MP: 0/0
 42684 | Snake:4  | Learned a level 7 spell: Enfeeble
 44149 | Snake:4  | Reached skill level 15 in Spellcasting
 44334 | Snake:4  | Reached skill level 21 in Fighting
 44407 | Snake:4  | Noticed Vashnia
 44953 | Snake:4  | Got a serpentine rune of Zot
 45125 | Snake:4  | Reached skill level 22 in Fighting
 45357 | Snake:4  | Killed Vashnia
 46188 | D:11     | You paid a toll of 15 potions of curing to enter a treasure
                  | trove
 46189 | Trove    | Entered a treasure trove
 46241 | Trove    | Identified the ring "Salim" {Will+ AC+4 SInv}
 46255 | Trove    | Identified the ring "Deji" {Slay+4 SInv}
 46260 | Trove    | Identified the +7 great sword of Recklessness {flame, *Rage
                  | rElec Will+++ Stlth-}
 46265 | Trove    | Identified the +1 cloak "Udith" {rC++ Regen+}
 46298 | Trove    | Identified the ring "Ymyor" {Ice rCorr Int+3}
 46301 | Trove    | Identified the +8 chain mail of Courage {Stlth+}
 46417 | D:11     | Acquired 880 gold pieces
 47098 | Elf:1    | Entered Level 1 of the Elven Halls
 48474 | Elf:2    | Reached XP level 20. HP: 103/169 MP: 0/0
 48542 | Elf:2    | Identified the +1 scimitar of Raelu {freeze, Str+6 Dex+4}
 48735 | Elf:2    | Found a flickering gateway to a bazaar.
 48746 | Bazaar   | Entered a bazaar
 48777 | Bazaar   | Found Dephezozo's Jewellery Shoppe.
 48799 | Bazaar   | Found Paci's Antique Armour Shop.
 48846 | Bazaar   | Found Cumpyb's Antique Armour Shoppe.
 48860 | Bazaar   | Found Odikh's Antique Weapon Emporium.
 48882 | Bazaar   | Bought a slimy ring mail for 135 gold pieces
 48882 | Bazaar   | Identified the +1 ring mail of Instinct {rElec} (You bought
                  | it in a shop in a bazaar)
 48902 | Bazaar   | Bought a pair of glowing gloves for 157 gold pieces
 49684 | Elf:2    | Found a runed translucent gate.
 49684 | Elf:2    | Found a runed translucent gate.
 49685 | Elf:2    | Found a runed translucent gate.
 49797 | Elf:3    | Entered Level 3 of the Elven Halls
 50193 | Elf:3    | Paralysed by an air elemental for 1 turns
 50222 | Elf:3    | Noticed Louise
 50236 | Elf:3    | Killed Louise
 50602 | Elf:3    | Acquired the +1 kite shield of Hedonism {rF+ rN++ Regen+
                  | Dex-4}
 50917 | Elf:2    | Noticed Saint Roka
 51077 | Elf:2    | Reached skill level 15 in Shields
 52417 | Elf:3    | Reached XP level 21. HP: 115/175 MP: 0/0
 52417 | Elf:3    | Learned a level 7 spell: Dragon Form
 52440 | Elf:3    | Identified the ring "Tivorgh" {Ice rPois}
 53368 | Elf:3    | Noticed Bai Suzhen
 53756 | Elf:3    | Killed Bai Suzhen
 54384 | Elf:3    | Found the +8 orange crystal plate armour {Archmagi, Int+3
                  | Clar}
 54550 | Elf:2    | Killed Saint Roka
 55419 | Swamp:1  | Killed KamiKatze's ghost
 55694 | Lair:4   | Killed ripuliukko's ghost
 55906 | Lair:2   | Killed laros's ghost
 56093 | Vaults:1 | Entered Level 1 of the Vaults
 58292 | Vaults:2 | Reached XP level 22. HP: 182/182 MP: 0/0
 58306 | Vaults:2 | Reached skill level 23 in Fighting
 58740 | Vaults:2 | Identified the ring "Perefrag" {rN++ AC+4}
 58748 | Vaults:2 | Reached skill level 24 in Fighting
 59544 | Vaults:2 | Found a staircase to the Crypt.
 60500 | Vaults:3 | Found a crumbling gateway.
 60508 | Desolati | Entered the Desolation of Salt
 60696 | Desolati | Identified the +6 shortbow of World Downfall {flame, rElec
                  | Dex+2}
 60715 | Desolati | Reached skill level 25 in Fighting
 61064 | Desolati | HP: 4/189 [peacekeeper (9)]
 61231 | Desolati | Reached XP level 23. HP: 195/195 MP: 0/0
 61231 | Desolati | Learned a level 7 spell: Storm Form
 61333 | Desolati | Identified the amulet "Biraipp" {Regen+ Str+5 Dex+3}
 61374 | Desolati | Identified the amulet "Micvod" {Spirit rN+ rCorr}
 61464 | Desolati | Identified the ring of Divine Compulsion {rPois EV+4 Str+2
                  | Int+2}
 61604 | Desolati | Identified the +0 robe "Ereorel" {rElec rN+ Str+2}
 65103 | Vaults:4 | Reached XP level 24. HP: 201/202 MP: 0/0
 65493 | Vaults:4 | Identified the +4 trident of Hahitref {venom, rF++ rC+
                  | Int+2 Dex-4}
 65745 | Depths:1 | Entered Level 1 of the Depths
 66281 | Depths:1 | Found Yqate Samn's Vocational Training.
 66289 | Depths:1 | Bought a manual of Evocations for 1520 gold pieces
 66854 | Depths:1 | Found a gateway to Hell.
 67612 | Depths:2 | Found a corrupted altar of Lugonu.
 67732 | Depths:2 | You are sucked into a shaft and drop 1 floor!
 67744 | Depths:3 | Found Big Baal Hell's Store.
 68507 | Depths:2 | Found a one-way gate leading to the halls of Pandemonium.
 68559 | Depths:2 | Found a corrupted altar of Lugonu.
 68559 | Depths:2 | Found a one-way gate to the infinite horrors of the Abyss.
 69140 | Depths:2 | Noticed Boris
 69181 | Depths:2 | Killed Boris
 69310 | Depths:2 | Reached skill level 5 in Evocations
 69584 | Depths:2 | Identified the +8 scale mail "Sohupsin" {Str+7}
 69585 | Depths:2 | Identified the +1 cloak of Cheibriados's Favour {rCorr
                  | Str+7 Dex-4 SInv}
 69961 | Depths:3 | Paralysed by a floating eye for 2 turns
 69968 | Depths:3 | Paralysed by a floating eye for 4 turns
 69977 | Depths:3 | Paralysed by a floating eye for 3 turns
 69984 | Depths:3 | Paralysed by a floating eye for 3 turns
 69988 | Depths:3 | Paralysed by a floating eye for 3 turns
 70196 | Depths:3 | Reached XP level 25. HP: 209/209 MP: 0/0
 70196 | Depths:3 | Learned a level 8 spell: Necromutation
 70868 | Depths:4 | Entered Level 4 of the Depths
 71007 | Depths:4 | Found a gate to the Realm of Zot.
 71119 | Depths:4 | Noticed a caustic shrike
 71131 | Depths:4 | Killed a caustic shrike
 71301 | Depths:4 | Noticed the Enchantress
 71321 | Depths:4 | Killed the Enchantress
 71673 | Depths:4 | Found a one-way gateway to a ziggurat.
 71974 | Depths:4 | Found a snail-covered altar of Cheibriados.
 71975 | Depths:4 | Found a glowing silver altar of Zin.
 71976 | Depths:4 | Found a white marble altar of Elyvilon.
 71978 | Depths:4 | Noticed a juggernaut
 71983 | Depths:4 | Killed a juggernaut
 72348 | Depths:4 | Noticed a caustic shrike
 72348 | Depths:4 | Noticed a caustic shrike
 72348 | Depths:4 | Noticed a caustic shrike
 72348 | Depths:4 | Noticed a caustic shrike
 72995 | Depths:4 | Noticed Parghit
 73467 | Depths:4 | Killed Parghit
 73585 | Depths:4 | Identified the +12 mace of the Madman {venom, Fragile rF++
                  | rC+ Dex+3}
 73592 | Depths:4 | Identified the ring of the Ant {rC+ SInv}
 73597 | Depths:4 | Noticed a caustic shrike
 73601 | Depths:4 | Noticed a caustic shrike
 73672 | Depths:4 | Killed a caustic shrike
 73714 | Depths:4 | Killed a caustic shrike
 73758 | Depths:4 | Noticed a caustic shrike
 73794 | Depths:4 | Killed a caustic shrike
 73795 | Depths:4 | Reached XP level 26. HP: 159/216 MP: 0/0
 73863 | Depths:4 | Identified the +5 dagger of Exhibitionism {flame, rElec}
 73891 | Depths:4 | Identified the +6 arbalest of the Walnut {vorpal, Fragile
                  | rElec Dex+4 SInv}
 74173 | Depths:3 | Bought 10 scrolls of blinking for 4950 gold pieces
 74505 | Vaults:5 | Entered Level 5 of the Vaults
 74515 | Vaults:5 | Reached skill level 26 in Fighting
 74525 | Vaults:5 | Noticed Boris
 74539 | Vaults:5 | Killed Boris
 74560 | Vaults:5 | Identified the ring of Ynufoepn {rElec rF+ EV+4 Int-5}
 74578 | Vaults:5 | Identified the ring "Qenade" {Contam rElec rCorr MP+9
                  | Stlth+}
 74601 | Vaults:5 | Identified the +3 scimitar of Brawling {freeze, Int-3
                  | Dex+6}
 74733 | Vaults:5 | Identified the ring of Wota Wei {*Slow Fly Str+8 Dex+6}
 75139 | Vaults:5 | Noticed an ancient lich
 75141 | Vaults:5 | Identified the +3 leather armour of Rolaen {rElec}
 75144 | Vaults:5 | Killed an ancient lich
 75150 | Vaults:5 | Reached skill level 27 in Fighting
 75461 | Vaults:5 | Identified the +1 war axe "Giojuhik" {freeze, Int+8}
 76032 | Vaults:5 | Reached XP level 27. HP: 228/228 MP: 0/0
 76032 | Vaults:5 | Learned a level 9 spell: Chain Lightning
 76152 | Vaults:5 | Got a silver rune of Zot
 76959 | Zot:1    | Entered Level 1 of the Realm of Zot
 76989 | Zot:1    | Noticed an orb of fire
 76998 | Zot:1    | Killed an orb of fire
 79397 | Zot:2    | Found a transporter.
 79808 | Zot:3    | Noticed an orb of fire
 79922 | Zot:3    | Noticed Grunn
 80314 | Zot:3    | Killed an orb of fire
 80604 | Zot:3    | Noticed an orb of fire
 80615 | Zot:3    | Gained mutation: You are weak. (Str -2) [an orb of fire]
 80979 | Zot:3    | Gained mutation: You are frail. (-10% HP) [an orb of fire]
 80983 | Zot:3    | Gained mutation: Armour fits poorly on your strangely
                  | shaped body. [an orb of fire]
 80995 | Zot:3    | Killed an orb of fire
 81049 | Zot:2    | Lost mutation: You are frail. (-10% HP) [potion of
                  | mutation]
 81049 | Zot:2    | Lost mutation: You are weak. (Str -2) [potion of mutation]
 81049 | Zot:2    | Gained mutation: You are dopey. (Int -2) [potion of
                  | mutation]
 81049 | Zot:2    | Gained mutation: You are somewhat resistant to further
                  | mutation. [potion of mutation]
 81050 | Zot:2    | Lost mutation: You are somewhat resistant to further
                  | mutation. [potion of mutation]
 81050 | Zot:2    | Lost mutation: You are dopey. (Int -2) [potion of mutation]
 81050 | Zot:2    | Gained mutation: You are agile. (Dex +4, Str/Int -1)
                  | [potion of mutation]
 81050 | Zot:2    | Gained mutation: You are strong-willed. (Will+) [potion of
                  | mutation]
 81101 | Zot:3    | Killed Grunn
 81714 | Zot:4    | Noticed an orb of fire
 81761 | Zot:4    | Noticed an orb of fire
 82206 | Zot:4    | Gained mutation: You occasionally lose the ability to read
                  | scrolls when taking damage. [an orb of fire]
 82212 | Zot:4    | Killed an orb of fire
 82276 | Zot:3    | Lost mutation: You occasionally lose the ability to read
                  | scrolls when taking damage. [potion of mutation]
 82276 | Zot:3    | Lost mutation: Armour fits poorly on your strangely shaped
                  | body. [potion of mutation]
 82276 | Zot:3    | Lost mutation: You are agile. (Dex +4, Str/Int -1) [potion
                  | of mutation]
 82276 | Zot:3    | Gained mutation: You have hidden genetic potential. [potion
                  | of mutation]
 82276 | Zot:3    | Gained mutation: You are frail. (-10% HP) [potion of
                  | mutation]
 82276 | Zot:3    | Gained mutation: You are partially covered in large bone
                  | plates. (SH +4) [potion of mutation]
 82277 | Zot:3    | Lost mutation: You have hidden genetic potential. [potion
                  | of mutation]
 82277 | Zot:3    | Lost mutation: You are strong-willed. (Will+) [potion of
                  | mutation]
 82277 | Zot:3    | Gained mutation: Your spells are a little harder to cast,
                  | but a little more powerful. [potion of mutation]
 82277 | Zot:3    | Gained mutation: You have a pair of small horns on your
                  | head. [potion of mutation]
 82278 | Zot:3    | Lost mutation: You are partially covered in large bone
                  | plates. (SH +4) [potion of mutation]
 82278 | Zot:3    | Lost mutation: You have a pair of small horns on your head.
                  | [potion of mutation]
 82278 | Zot:3    | Lost mutation: You are frail. (-10% HP) [potion of
                  | mutation]
 82278 | Zot:3    | Gained mutation: You occasionally shout uncontrollably at
                  | your foes. [potion of mutation]
 82278 | Zot:3    | Gained mutation: You are covered in fur. (AC +1) [potion of
                  | mutation]
 82279 | Zot:3    | Lost mutation: You occasionally shout uncontrollably at
                  | your foes. [potion of mutation]
 82279 | Zot:3    | Lost mutation: You are covered in fur. (AC +1) [potion of
                  | mutation]
 82279 | Zot:3    | Lost mutation: Your spells are a little harder to cast, but
                  | a little more powerful. [potion of mutation]
 82279 | Zot:3    | Gained mutation: You possess an exceptional clarity of
                  | mind. [potion of mutation]
 82279 | Zot:3    | Gained mutation: You are dopey. (Int -2) [potion of
                  | mutation]
 82279 | Zot:3    | Gained mutation: You have a pair of small antennae on your
                  | head. [potion of mutation]
 82280 | Zot:3    | Lost mutation: You are dopey. (Int -2) [potion of mutation]
 82280 | Zot:3    | Lost mutation: You possess an exceptional clarity of mind.
                  | [potion of mutation]
 82280 | Zot:3    | Gained mutation: You are weak. (Str -2) [potion of
                  | mutation]
 82280 | Zot:3    | Gained mutation: Your spells are a little easier to cast,
                  | but a little less powerful. [potion of mutation]
 82280 | Zot:3    | Gained mutation: You are strong-willed. (Will+) [potion of
                  | mutation]
 82281 | Zot:3    | Lost mutation: You are strong-willed. (Will+) [potion of
                  | mutation]
 82281 | Zot:3    | Lost mutation: Your spells are a little easier to cast, but
                  | a little less powerful. [potion of mutation]
 82281 | Zot:3    | Gained mutation: You are partially covered in iridescent
                  | scales. (AC +2) [potion of mutation]
 82281 | Zot:3    | Gained mutation: Your mind is acute. (Int +4, Str/Dex -1)
                  | [potion of mutation]
 82302 | Zot:4    | Killed an orb of fire
 82358 | Zot:4    | Identified the ring "Fuchit" {Ice rElec Str+3}
 82358 | Zot:4    | Noticed Josephina
 82366 | Zot:4    | Killed Josephina
 82870 | Zot:4    | Noticed an orb of fire
 82877 | Zot:4    | Gained mutation: You are frail. (-10% HP) [an orb of fire]
 82878 | Zot:4    | Gained mutation: You are clumsy. (Dex -2) [an orb of fire]
 82882 | Zot:4    | Killed an orb of fire
 83023 | Zot:4    | Lost mutation: You are weak. (Str -2) [potion of mutation]
 83023 | Zot:4    | Lost mutation: You are clumsy. (Dex -2) [potion of
                  | mutation]
 83023 | Zot:4    | Gained mutation: Your muscles are strong. (Str +4, Int/Dex
                  | -1) [potion of mutation]
 83023 | Zot:4    | Gained mutation: You sometimes lose your temper in combat.
                  | [potion of mutation]
 83023 | Zot:4    | Gained mutation: You have sharp fingernails. [potion of
                  | mutation]
 83024 | Zot:4    | Lost mutation: You have a pair of small antennae on your
                  | head. [potion of mutation]
 83024 | Zot:4    | Lost mutation: Your mind is acute. (Int +4, Str/Dex -1)
                  | [potion of mutation]
 83024 | Zot:4    | Lost mutation: You have sharp fingernails. [potion of
                  | mutation]
 83024 | Zot:4    | Gained mutation: You are mostly covered in iridescent
                  | scales. (AC +4) [potion of mutation]
 83024 | Zot:4    | Gained mutation: You are somewhat resistant to further
                  | mutation. [potion of mutation]
 83025 | Zot:4    | Lost mutation: You are mostly covered in iridescent scales.
                  | (AC +4) [potion of mutation]
 83025 | Zot:4    | Lost mutation: You sometimes lose your temper in combat.
                  | [potion of mutation]
 83025 | Zot:4    | Lost mutation: Your muscles are strong. (Str +4, Int/Dex
                  | -1) [potion of mutation]
 84302 | Zot:5    | Entered Level 5 of the Realm of Zot
 84331 | Zot:5    | Found a transporter.
 84334 | Zot:5    | Found a transporter.
 84334 | Zot:5    | Found a transporter.
 84338 | Zot:5    | Found a transporter.
 84368 | Zot:5    | Found a transporter.
 84375 | Zot:5    | Found a transporter.
 84826 | Zot:5    | Noticed a dread lich
 84831 | Zot:5    | Killed a dread lich
 84894 | Zot:5    | Noticed a Killer Klown
 84901 | Zot:5    | Killed a Killer Klown
 84922 | Zot:5    | Noticed an ancient lich
 84936 | Zot:5    | Noticed a dread lich
 84940 | Zot:5    | Killed a dread lich
 84971 | Zot:5    | Noticed a Killer Klown
 84971 | Zot:5    | Noticed an orb of fire
 84987 | Zot:5    | Gained mutation: You do not regenerate when monsters are
                  | visible. [an orb of fire]
 84990 | Zot:5    | Killed an orb of fire
 84994 | Zot:5    | Killed a Killer Klown
 85014 | Zot:4    | Lost mutation: You do not regenerate when monsters are
                  | visible. [potion of mutation]
 85014 | Zot:4    | Lost mutation: You are somewhat resistant to further
                  | mutation. [potion of mutation]
 85014 | Zot:4    | Lost mutation: You are frail. (-10% HP) [potion of
                  | mutation]
 85014 | Zot:4    | Gained mutation: Your spells are a little easier to cast,
                  | but a little less powerful. [potion of mutation]
 85014 | Zot:4    | Gained mutation: You sometimes lose your temper in combat.
                  | [potion of mutation]
 85014 | Zot:4    | Gained mutation: You are robust. (+10% HP) [potion of
                  | mutation]
 85015 | Zot:4    | Lost mutation: You are partially covered in iridescent
                  | scales. (AC +2) [potion of mutation]
 85015 | Zot:4    | Lost mutation: You are robust. (+10% HP) [potion of
                  | mutation]
 85015 | Zot:4    | Lost mutation: Your spells are a little easier to cast, but
                  | a little less powerful. [potion of mutation]
 85015 | Zot:4    | Gained mutation: Your body sometimes deteriorates upon
                  | taking damage. [potion of mutation]
 85015 | Zot:4    | Gained mutation: You are agile. (Dex +4, Str/Int -1)
                  | [potion of mutation]
 85015 | Zot:4    | Gained mutation: You are resistant to electric shocks.
                  | (rElec) [potion of mutation]
 85016 | Zot:4    | Lost mutation: You are resistant to electric shocks.
                  | (rElec) [potion of mutation]
 85016 | Zot:4    | Lost mutation: You are agile. (Dex +4, Str/Int -1) [potion
                  | of mutation]
 85016 | Zot:4    | Lost mutation: You sometimes lose your temper in combat.
                  | [potion of mutation]
 85016 | Zot:4    | Gained mutation: You occasionally lose the ability to read
                  | scrolls when taking damage. [potion of mutation]
 85016 | Zot:4    | Gained mutation: You are dopey. (Int -2) [potion of
                  | mutation]
 85017 | Zot:4    | Lost mutation: Your body sometimes deteriorates upon taking
                  | damage. [potion of mutation]
 85017 | Zot:4    | Lost mutation: You are dopey. (Int -2) [potion of mutation]
 85017 | Zot:4    | Lost mutation: You occasionally lose the ability to read
                  | scrolls when taking damage. [potion of mutation]
 85017 | Zot:4    | Gained mutation: You have hidden genetic defects. [potion
                  | of mutation]
 85017 | Zot:4    | Gained mutation: You expend health (3 HP) to strengthen
                  | your wands. [potion of mutation]
 85017 | Zot:4    | Gained mutation: You are agile. (Dex +4, Str/Int -1)
                  | [potion of mutation]
 85017 | Zot:4    | Gained mutation: You are very agile. (Dex +8, Str/Int -2)
                  | [potion of mutation]
 85057 | Zot:5    | Noticed a dread lich
 85074 | Zot:5    | Killed a dread lich
 85083 | Zot:5    | Noticed an orb of fire
 85104 | Zot:5    | Killed an orb of fire
 85105 | Zot:5    | Reached skill level 10 in Evocations
 85234 | Zot:5    | Killed an ancient lich
 85235 | Zot:5    | Gained mutation: Your spells are a little easier to cast,
                  | but a little less powerful. [mutagenic glow]
 85261 | Zot:5    | Gained mutation: You are weak. (Str -2) [mutagenic glow]
 85734 | Zot:5    | Noticed a dread lich
 85734 | Zot:5    | Noticed a Killer Klown
 85740 | Zot:5    | Noticed an ancient lich
 85750 | Zot:5    | Killed a dread lich
 85751 | Zot:5    | Noticed an orb of fire
 85763 | Zot:5    | Gained mutation: You are dopey. (Int -2) [hidden defects]
 85917 | Zot:5    | Noticed a dread lich
 85922 | Zot:5    | Killed a dread lich
 86075 | Zot:5    | Killed an orb of fire
 86080 | Zot:5    | Noticed an orb of fire
 86086 | Zot:5    | Noticed an ancient lich
 86094 | Zot:5    | Gained mutation: You are partially covered in iridescent
                  | scales. (AC +2) [an orb of fire]
 86100 | Zot:5    | Gained mutation: You occasionally lose the ability to drink
                  | potions when taking damage. [an orb of fire]
 86102 | Zot:5    | Killed an ancient lich
 86103 | Zot:5    | Reached skill level 15 in Evocations
 86103 | Zot:5    | Killed a Killer Klown
 86105 | Zot:5    | Killed an ancient lich
 86108 | Zot:5    | Gained mutation: You are very weak. (Str -4) [hidden
                  | defects]
 86108 | Zot:5    | Lost mutation: You have hidden genetic defects. [hidden
                  | defects expressed]
 86164 | Zot:5    | Identified the +1 chain mail of Joteil {rElec Str+3}
 86249 | Zot:5    | Noticed a Killer Klown
 86257 | Zot:5    | Killed a Killer Klown
 86327 | Zot:5    | Got the Orb of Zot
 86337 | Zot:5    | Noticed Ziqytz the pandemonium lord
 86977 | D:3      | Noticed a seraph
 86982 | D:3      | Noticed Ysilyits the pandemonium lord
 86987 | D:3      | Noticed Fumneer the pandemonium lord
 87142 | D:$      | Escaped with the Orb!

Illustrated notes

Levels and vault maps discovered:
D:1:      dpeg_arrival_water_temple_mockup, layout_basic,
          chequers_ecumenical_altar_simple, serial_shops,
          nicolae_shop_hallway_stairs
D:2:      layout_basic, basic_altar, minmay_cupped
D:3:      layout_basic, trog_wizard
D:4:      layout_rooms, serial_shops, shop, serial_corexii_hall,
          corexii_hall_statues_t, chequers_hall_statues_y,
          chequers_hall_statues_corner_a, chequers_hall_statues_y,
          corexii_hall_statues_u, corexii_hall_statues_u
D:5:      layout_basic
D:6:      layout_basic, uniq_crazy_yiuf_cottage
D:7:      layout_rooms, evilmike_ruin_ashenzari,
          minmay_temple_entry_enclosed_plants, serial_shops, shop,
          nicolae_stop_n_shop_2, uniq_duvessa
D:8:      layout_basic, uniq_prince_ribbit1, uniq_pikel
D:9:      layout_big_octagon, serial_shops, nicolae_shop_bloodbath_and_beyond,
          uniq_erica
D:10:     layout_cave_pools, cheibrodos_worm_habitat, chequers_garden,
          kennysheep_generic_room_5
D:11:     layout_loops_corners, erik_orc_3, special_room [special_room_orc],
          nicolae_trove_entry_crossroad
D:12:     layout_long_grid, gammafunk_ghost_fury_of_okawaru
D:13:     layout_cave_pods, uniq_rupert
D:14:     layout_basic, david_vaults_1, hangedman_abyss_or_decor_stabs,
          nicolae_uskayaw_suspiria
D:15:     gammafunk_enter_depths_forms, layout_irregular_city,
          nicolae_wu_jian_immortal_techniques
Temple:   hellmonk_temple_of_storms
Lair:1:   layout_misc_corridors, beast_lair_carwin_4, serial_bayou_shore_a,
          lemuel_fruit_fields, uniq_nergalle
Lair:2:   layout_chaotic_city, minmay_snake_entry_guardpost_small,
          nicolae_volcano_entry_s_turn, gammafunk_ghost_arena
Lair:3:   layout_hall_layers, nicolae_swamp_entry_splash_gauntlet, uniq_urug
Lair:4:   layout_long_grid, gammafunk_ghost_arena
Lair:5:   evilmike_catoblepas_cave, layout_regular_city, slime_entry_2
Swamp:1:  layout_basic_swamp, gammafunk_ghost_mausoleum,
          nicolae_swamp_little_tower, swamp_pool4, uniq_jorgrun
Swamp:2:  layout_basic_swamp, ebering_ghost_rock_garden, hangedman_swamp_pad,
          nicolae_swamp_bloodsuckers_inc
Swamp:3:  layout_falls_marsh, evilmike_swamp_ruin_house_5
Swamp:4:  swamp_alternative, layout_basic_swamp,
          portal_ice_cave_entry_pillars_three, swamp_pool1
Snake:1:  layout_onion_interference, serial_shops,
          nicolae_shop_advertising_works [nicolae_subvault_shop_adworks],
          corexii_hall_statues_l, uniq_nikola
Snake:2:  layout_layer_cave, basic_altar, nicolae_elevator_lobby_asterisk,
          grunt_megastairs_5, uniq_azrael, uniq_roxanne
Snake:3:  layout_misc_corridors, grunt_ministairs_2, evilmike_ambush
          [evilmike_ambush_outer_corners, evilmike_ambush_inner_basic]
Snake:4:  johnstein_snake_rune_scales, layout_misc_corridors,
          grunt_megastairs_3, uniq_vashnia
Orc:1:    layout_diamond_mine, guppyfry_library_mini
Orc:2:    grunt_orc_community_town_hall, layout_caves,
          grunt_orc_community_big_house_2, grunt_orc_community_big_house_1,
          grunt_orc_community_house_1, grunt_orc_community_house_1,
          grunt_orc_community_house_3, grunt_orc_community_house_2,
          grunt_orc_community_house_3, grunt_orc_community_house_2
Elf:1:    elf_arrival_001, layout_onion_city, evilmike_minifort,
          einodemon_barbed_minivault
Elf:2:    nicolae_elf_blades_splatter_lattice [infiniplex_blade_entry_pillars],
          layout_rooms, serial_shops, bzr_in_the_mist, special_room
          [special_room_mythical_zoo], uniq_saint_roka
Elf:3:    minmay_elf_hall_furrowed, layout_loops_cross, grunt_ministairs_15,
          uniq_bai_suzhen, uniq_louise
Vaults:1: vaults_room_grunt_arrival_ludios, vaults_room_pool,
          nicolae_vaults_little_ls, hangedman_vaults_nails, st_lines,
          vaults_dpeg_diagonal, nicolae_vaults_little_squares_3,
          layout_vaults_big_room, serial_hangedman_research
Vaults:2: hangedman_vaults_nodes, v_alt_pattern_1, v_alt_pattern_4,
          minmay_crypt_entry_skeletal_spiral, v_alt_pattern_4,
          nicolae_vaults_twisting_passages, nicolae_vaults_mini_display_case,
          ontoclasm_vaults_gateway, hangedman_vaults_restitches,
          nicolae_vaults_display_case, vaults_room_fours,
          vaults_room_stairs_pillars, nicolae_vaults_little_squares_6,
          nicolae_vaults_asterisk, layout_vaults_maze_snakey
Vaults:3: portal_desolation_entry_garden, nicolae_vaults_ninety_degrees,
          v_pattern_3, ontoclasm_vaults_eye, vaults_room_pool,
          dpeg_vaults_monster_box, vaults_room_fours, layout_vaults_omnigrid
Vaults:4: ontoclasm_vaults_ring_small, nicolae_vaults_network_star,
          nicolae_vaults_network_quinsquares
          [nicolae_vaults_network_quincunx_subvault,
          nicolae_vaults_network_quincunx_subvault,
          nicolae_vaults_network_quincunx_subvault,
          nicolae_vaults_network_quincunx_subvault],
          nicolae_vaults_angled_halls, ontoclasm_vaults_fault,
          ontoclasm_vaults_bender, v_alt_pattern_6, grunt_vaults_focal,
          dpeg_vaults_waves, hangedman_vaults_maws, hangedman_vaults_capsules,
          nicolae_vaults_little_squares_5, layout_vaults_ring
Vaults:5
Depths:1: layout_honeycomb, hellmonk_bongcloud_opening, hangedman_geh_valley,
          nicolae_shop_vocational, grunt_megastairs_2, serial_bayou_shore_b
Depths:2: evilmike_halls_of_destruction, layout_cave_pools, hell_entry,
          rand_demon_pan_entry_7, abyss_entry_flame_altar, nrook_campfire,
          tgw_lugonu_bribe, infiniplex_staircase_spiral_double
Depths:3: dpeg_oklob_gauntlet, layout_gridlike, nicolae_sextant,
          nicolae_hell_entry_big_baal_hell, abyss_entry
Depths:4: hangedman_slaughterboxes, serial_shops, hell_entry, uniq_parghit,
          uniq_enchantress
Zot:1:    layout_basic, st_single_dragon_hoard_2, zot_minivault_3
Zot:2:    layout_misc_corridors, nicolae_diode_basic
Zot:3:    layout_basic, grunt_megastairs_4, uniq_grunn
Zot:4:    hangedman_orp_of_zott, layout_onion_interference,
          nicolae_lava_and_water, lemuel_baited_zot_trap, uniq_josephina
Zot:5:    layout_misc_corridors, serial_nicolae_subway,
          nicolae_sub_station_stone, nicolae_sub_station_crystal,
          nicolae_sub_station_metal

Skill      XL: |  1  2  3  4  5  6  7  8  9 10 11 12 13 14 15 16 17 18 19 20 21 22 23 24 25 26 27 |
---------------+----------------------------------------------------------------------------------+-----
Spellcasting   | 3 4 5 6 8 10 11 14 15 17 19 20 25 | 25.0
Fighting       | 8 11 13 15 17 20 22 25 27 | 27.0
Shields        | 4 10 11 15 | 15.0
Armour         | 3 4 |  4.0
Dodging        | 11 16 17 21 23 24 | 24.1
Evocations     | 8 9 16 | 16.1
Stealth        | |  1.5

Action                   |  1- 3 |  4- 6 |  7- 9 | 10-12 | 13-15 | 16-18 | 19-21 | 22-24 | 25-27 || total
-------------------------+-------+-------+-------+-------+-------+-------+-------+-------+-------++-------
Melee: Staff             |       |       |       |     1 |       |     1 |     3 |     4 |     1 ||    10
 Cast: Shock             |    47 |    95 |    75 |    10 |     1 |       |       |       |       ||   228
       Static Discharge  |     3 |     6 |     5 |     1 |    12 |       |       |       |       ||    27
       Sandblast         |     2 |     3 |     1 |       |       |       |       |     1 |       ||     7
       Stone Arrow       |       |       |    16 |    40 |    16 |    59 |    29 |    79 |    47 ||   286
       Airstrike         |       |       |    75 |   308 |   861 |  1026 |  1086 |  1279 |  1489 ||  6124
       Swiftness         |       |       |       |     5 |     9 |     6 |     7 |     2 |     1 ||    30
       Animate Armour    |       |       |       |       |    21 |    35 |   120 |    11 |    31 ||   218
       Wereblood         |       |       |       |       |       |     1 |       |       |       ||     1
       Petrify           |       |       |       |       |       |    22 |    16 |     2 |     3 ||    43
       Yara's Violent Un |       |       |       |       |       |    21 |    46 |    40 |    48 ||   155
       Malign Gateway    |       |       |       |       |       |       |    24 |    82 |   178 ||   284
       Chain Lightning   |       |       |       |       |       |       |       |       |     7 ||     7
Evoke: Wand              |       |       |       |       |     1 |       |     1 |       |     2 ||     4
  Use: Scroll            |       |       |    10 |     9 |    16 |    11 |     9 |     5 |    31 ||    91
       Potion            |       |       |       |     3 |     6 |     4 |     4 |       |    28 ||    45
Armor: Robe              |     1 |     1 |     2 |    13 |       |       |       |       |       ||    17
       Troll leather arm |       |       |       |    23 |    61 |   109 |    70 |    94 |   221 ||   578
Dodge: Dodged            |     3 |     3 |    15 |    44 |    68 |   248 |   173 |   296 |   857 ||  1707
Block: Buckler           |       |       |       |       |    13 |       |       |       |       ||    13
       Kite shield       |       |       |       |       |    73 |   248 |   244 |   311 |   672 ||  1548
